 Dungeon Crawl Stone Soup version 0.30.1-11-g7821555f0a (webtiles) character file.

Game seed: 7087871089303151941

2160 eliilek the Basher (level 9, -3/83 HPs)
             Began as a Minotaur Fighter on Oct 29, 2023.
             Was a Believer of Ru.
             Slain by a fire elemental (8 damage)
             ... summoned by a deep elf pyromancer
             ... on level 8 of the Dungeon.
             The game lasted 00:15:40 (7009 turns).

eliilek the Basher (Minotaur Fighter)               Turns: 7009, Time: 00:15:41

Health: -3/83      AC: 12    Str: 23    XL:     9   Next: 10%
Magic:  8/8        EV:  6    Int:  5    God:    Ru [**....]
Gold:   472        SH:  4    Dex: 12    Spells: 8/8 levels left

rFire   . . .        a - +4 flail (freeze)
rCold   . . .        c - +0 buckler
rNeg    + + .        o - +0 plate armour
rPois   .            (helmet restricted)
rElec   +            e - scarf {repulsion}
rCorr   .            (no gloves)
SInv    .            C - +0 pair of boots "Noabbyesch" {rElec rN+}
Will    +....        (no amulet) Stlth
                     t - ring of willpower
HPRegen 0.33/turn    w - ring of positive energy
MPRegen 0.11/turn

%: repel missiles
@: unable to read
A: horns 2, inability to read after injury 2, no hexes magic, no poison magic,
no summoning magic, retaliatory headbutt
a: Renounce Religion


You were on level 8 of the Dungeon.
You worshipped Ru.
Ru was pleased with you.
You visited 1 branch of the dungeon, and saw 8 of its levels.

You collected 472 gold pieces.

Inventory:

Hand Weapons
 a - a +4 flail of freezing (weapon)
Missiles
 b - 11 poisoned darts (quivered)
 s - 2 throwing nets
Armour
 c - a +0 buckler (worn)
 e - a scarf of repulsion (worn)
 o - a +0 plate armour (worn)
 C - the +0 pair of boots "Noabbyesch" (worn) {rElec rN+}
   (You found it on level 8 of the Dungeon)

   rElec:     It insulates you from electricity.
   rN:        It protects you from negative energy.
Jewellery
 t - a ring of willpower (left hand)
 w - a ring of positive energy (right hand)
 z - a ring of fire
Wands
 u - a wand of acid (6)
Scrolls
 f - a scroll of fog {unknown}
 g - a scroll of enchant armour {unknown}
 h - 6 scrolls of enchant weapon
 i - 2 scrolls of butterflies {unknown}
 j - 6 scrolls of teleportation
 m - a scroll of immolation {unknown}
 n - a scroll of acquirement {unknown}
 p - 4 scrolls of magic mapping {unknown}
 q - a scroll of poison {unknown}
 v - 2 scrolls of noise {unknown}
 y - 2 scrolls of amnesia {unknown}
 B - a scroll of brand weapon {unknown}
Potions
 d - 3 potions of might
 k - 7 potions of curing
 l - a potion of cancellation
 r - a potion of lignification {unknown}
 x - a potion of heal wounds {unknown}
 A - 2 potions of mutation {unknown}


   Skills:
 + Level 9.1 Fighting
 * Level 11.9 Maces & Flails
 - Level 3.6 Armour
 - Level 3.6 Shields


You had 8 spell levels left.
You didn't know any spells.
Your spell library contained the following spells:

 Spells                   Type           Power      Damage    Failure   Level
 Magic Dart               Conj           0%         1d3       100%        1
 Blink                    Tloc           0%         N/A       100%        2
 Lesser Beckoning         Tloc           0%         N/A       100%        2
 Momentum Strike          Conj/Tloc      0%         3d8       100%        2
 Searing Ray              Conj           0%         2d4       100%        2
 Passage of Golubria      Tloc           0%         N/A       100%        4
 Blade Hands              Tmut           0%         N/A       100%        5
 Portal Projectile        Hex/Tloc       Unusable   N/A       N/A         3
 Tukima's Dance           Hex            Unusable   N/A       N/A         3
 Fulminant Prism          Conj/Hex       Unusable   3d5       N/A         4
 Yara's Violent Unravell  Hex/Tmut       Unusable   3d3       N/A         5

Dungeon Overview and Level Annotations

Branches:
Dungeon (8/15)             Temple (0/1) D:5
   Lair: D:8-11

Altars:
Elyvilon
Fedhas
Makhleb
Ru
Sif Muna
Wu Jian
Zin


Innate Abilities, Weirdness & Mutations

You have a pair of horns on your head.
You sometimes lose the ability to read scrolls when taking damage.
You cannot study or cast Hexes magic.
You cannot study or cast Poison magic.
You cannot study or cast Summoning magic.
You reflexively headbutt those who attack you in melee.


Message History

Found 5 stones.
There is an open door here.
You open the door.
A deep elf pyromancer comes into view. It is wielding a +0 long sword.
The deep elf pyromancer shouts!
The deep elf pyromancer mumbles some strange words.
The deep elf pyromancer blinks!
The deep elf pyromancer moves out of view.
Found a pair of gloves.
There is an open door here.
You close the door.
A deep elf pyromancer opens the door.
The deep elf pyromancer mumbles some strange words.
There is an open door here.
You hit the deep elf pyromancer. You freeze the deep elf pyromancer.
The deep elf pyromancer is lightly wounded.
The deep elf pyromancer hits you with a +0 long sword.
You barely miss the deep elf pyromancer.
The deep elf pyromancer is lightly wounded.
The deep elf pyromancer barely misses you.
You completely miss the deep elf pyromancer.
The deep elf pyromancer is lightly wounded.
The deep elf pyromancer hits you with a +0 long sword.
The fire elemental hits you. The fire elemental burns you!
You sock the deep elf pyromancer! You freeze the deep elf pyromancer.
Your headbutt misses the deep elf pyromancer.
The deep elf pyromancer is heavily wounded.
The fire elemental hits you. The fire elemental burns you!
You feel threatened and lose the ability to read scrolls!
You hit the deep elf pyromancer. You freeze the deep elf pyromancer.
The deep elf pyromancer is heavily wounded.
The deep elf pyromancer hits you but does no damage.
The fire elemental hits you. The fire elemental burns you!
You barely miss the deep elf pyromancer.
The deep elf pyromancer is heavily wounded.
The deep elf pyromancer gestures at you while chanting.
The bolt of fire hits you!!!
* * * LOW HITPOINT WARNING * * *
The fire elemental hits you. The fire elemental burns you!
You die...

#...#................#
#####................#
.........##'#######
.........#.......#
........#.....(.#
........#.......#
........#.......#
........#.......#
........@E......#
........#e......#
........#.......
.########.......
....... [......
....... .......


You could see a deep elf pyromancer and a fire elemental (summoned).

Vanquished Creatures
  A wyvern (D:7)
  Menkaure (D:5)
  A water moccasin (D:7)
  2 orc warriors
  A sky beast (D:7)
  2 black bears (D:6)
  An ice beast (D:7)
  A centaur (D:6)
  A bullfrog (D:7)
  2 scorpions
  A gnoll sergeant (D:7)
  5 wights (D:8)
  A hound (D:6)
  4 orc priests
  2 jellies
  3 sleepcaps
  3 orc wizards
  2 iguanas
  4 adders
  9 gnolls
  A shadow imp (D:5)
  2 ufetubi
  A worm (D:2)
  A dart slug (D:1)
  24 orcs
  A ball python (D:2)
  5 endoplasms
  2 giant cockroaches
  8 goblins
  7 hobgoblins
  11 jackals
  4 kobolds
  5 quokkas
  5 bats
  5 frilled lizards
  A rat (D:2)
130 creatures vanquished.

Vanquished Creatures (others)
  An orc wizard (D:4)
1 creature vanquished.

Grand Total: 131 creatures vanquished

Notes
Turn   | Place    | Note
-------+----------+-------------------------------------------
     0 | D:1      | eliilek the Minotaur Fighter began the quest for the Orb.
     0 | D:1      | Reached XP level 1. HP: 19/19 MP: 0/0
   209 | D:1      | Reached skill level 3 in Maces & Flails
   218 | D:1      | Reached XP level 2. HP: 27/27 MP: 1/1
   489 | D:1      | Reached XP level 3. HP: 33/33 MP: 2/2
   763 | D:2      | Reached skill level 4 in Maces & Flails
  1172 | D:3      | Reached XP level 4. HP: 41/41 MP: 3/3
  1181 | D:3      | Found a sacrificial altar of Ru.
  1181 | D:3      | Found a shimmering blue altar of Sif Muna.
  1181 | D:3      | Found a glowing silver altar of Zin.
  1181 | D:3      | Found an ornate altar of the Wu Jian Council.
  1187 | D:3      | Became a worshipper of Ru the Awakened
  1262 | D:3      | Identified the +1 ring mail of Gozag's Favour {Will++}
  1467 | D:3      | Reached skill level 5 in Maces & Flails
  1686 | D:3      | Reached XP level 5. HP: 44/47 MP: 4/4
  2229 | D:4      | Reached skill level 5 in Fighting
  2679 | D:4      | Reached skill level 6 in Maces & Flails
  2719 | D:4      | Reached XP level 6. HP: 50/56 MP: 5/5
  2721 | D:4      | Gained mutation: You occasionally lose the ability to read
                  | scrolls when taking damage. [Ru sacrifice]
  2721 | D:4      | Gained mutation: You sometimes lose the ability to read
                  | scrolls when taking damage. [Ru sacrifice]
  2721 | D:4      | Reached * piety under Ru
  3259 | D:5      | Entered Level 5 of the Dungeon
  3459 | D:5      | Reached skill level 7 in Maces & Flails
  3474 | D:5      | Found a staircase to the Ecumenical Temple.
  4100 | D:5      | Noticed Menkaure
  4119 | D:5      | HP: 2/57 [Menkaure (11)]
  4120 | D:5      | Killed Menkaure
  4121 | D:5      | Reached XP level 7. HP: 2/63 MP: 6/6
  4522 | D:6      | Reached skill level 8 in Maces & Flails
  4899 | D:6      | Reached skill level 9 in Maces & Flails
  5152 | D:6      | Found a white marble altar of Elyvilon.
  5188 | D:6      | Found a blossoming altar of Fedhas.
  5188 | D:6      | Found a burning altar of Makhleb.
  5392 | D:6      | Reached XP level 8. HP: 73/73 MP: 7/7
  5556 | D:7      | Reached skill level 10 in Maces & Flails
  6184 | D:7      | Gained mutation: You cannot study or cast Poison magic. [Ru
                  | sacrifice]
  6184 | D:7      | Gained mutation: You cannot study or cast Hexes magic. [Ru
                  | sacrifice]
  6184 | D:7      | Gained mutation: You cannot study or cast Summoning magic.
                  | [Ru sacrifice]
  6184 | D:7      | Reached ** piety under Ru
  6203 | D:7      | Reached skill level 11 in Maces & Flails
  6698 | D:8      | Identified the +0 pair of boots "Noabbyesch" {rElec rN+}
  6774 | D:8      | Reached XP level 9. HP: 44/82 MP: 8/8
  6995 | D:8      | Noticed a deep elf pyromancer
  7009 | D:8      | Slain by a fire elemental

Illustrated notes

Levels and vault maps discovered:
D:1:      amcnicky_arrival_blooded_trapdoor, layout_loops_cross
D:2:      layout_rooms, grunt_ministairs_3, item_on_display_a
D:3:      layout_loops_corners, chequers_temple_overflow_statue_of_worship
D:4:      layout_loops_ring, serial_forest, infiniplex_forest_straight_5,
          infiniplex_forest_end_2, infiniplex_forest_clump_small,
          infiniplex_forest_lined_corner, infiniplex_forest_zigzag_1,
          infiniplex_forest_lined_room_3, corexii_shack
D:5:      layout_loops_corners, minmay_temple_entry_arrows, uniq_menkaure
D:6:      layout_basic, nicolae_overflow_hidden_temple
D:7:      layout_rooms
D:8:      layout_gridville

Skill      XL: |  1  2  3  4  5  6  7  8  9 |
---------------+----------------------------+-----
Maces & Flails | 3 4 5 6 7 9 11 | 11.9
Fighting       | 4 5 6 7 8 9 |  9.1
Armour         | |  3.6
Shields        | |  3.6

Action                     |  1- 3 |  4- 6 |  7- 9 || total
---------------------------+-------+-------+-------++-------
  Melee: Flail             |    84 |   174 |   131 ||   389
         Headbutt          |    10 |    24 |    31 ||    65
         Mace              |       |       |    33 ||    33
 Invoke: Sacrifice Words   |       |     1 |       ||     1
         Sacrifice Arcana  |       |       |     1 ||     1
    Use: Potion            |       |     1 |     1 ||     2
         Scroll            |       |       |     5 ||     5
 Armour: Scale mail        |    18 |       |       ||    18
         Chain mail        |    25 |    81 |    25 ||   131
         Plate armour      |       |       |    49 ||    49
  Dodge: Dodged            |    34 |    39 |    36 ||   109
         Repelled          |     2 |     1 |       ||     3
  Block: Buckler           |    13 |    26 |    26 ||    65
